Map: Prion Terraces

Players

LiquidBunny (Bunny) - Winner!

  • Race: Terran Terran
  • League: Grandmaster

AcerBly (Bly)

  • Race: Zerg Zerg
  • League: Grandmaster

Event: Homestory Cup XII

VOD

Have the link to the VOD?

Description

Time

  • Played on: Dec. 18, 2015, 10:46 a.m.
  • Length: 14:58

All games in this series

Show
View Real Time Build Order
Export as new Build Order

LiquidBunny Terran - Winner!

Build Orders: Bio Tank, MMM Bio 

Get SALT Encoding   

  12  0:00  SCV  
  13  0:13  SCV  
  14  0:18  Supply Depot  
  14  0:25  SCV  
  15  0:40  SCV  
  15  0:42  Barracks  
  16  0:44  Refinery  
  16  0:52  SCV  
  17  0:59  Barracks  
  17  1:04  SCV  
  18  1:16  SCV  
  19  1:20  Barracks  
  19  1:28  SCV  
  19  1:29  Reaper  
  21  1:35  Refinery  
  21  1:46  Reaper  
  22  1:49  Orbital Command  
  22  1:57  Supply Depot  
  22  2:02  Reaper  
  23  2:15  Supply Depot  
  23  2:19  SCV, Reaper  
  23  2:22  Reaper  
  26  2:31  SCV  
  26  2:36  Reaper  
  28  2:43  SCV  
  30  2:57  SCV  
  31  3:04  Command Center  
  31  3:05  Reaper  
  31  3:09  SCV  
  31  3:12  Supply Depot  
  33  3:19  Barracks Tech Lab  
  32  3:21  SCV  
  34  3:33  SCV  
  34  3:35  Barracks Reactor  
  34  3:39  Stimpack  
  34  3:40  Barracks Reactor  
  33  3:48  SCV  
  34  3:55  Command Center  
  34  4:00  SCV  
  35  4:05  Marine  
  31  4:12  SCV  
  31  4:14  Bunker  
  32  4:17  Bunker, Marine x2  
  32  4:20  Orbital Command  
  34  4:24  SCV  
  34  4:26  Marine  
  34  4:31  Factory  
  35  4:33  Marine x2  
  35  4:35  Marine  
  35  4:37  SCV  
  39  4:43  Bunker, Marine  
  40  4:48  SCV  
  40  4:49  SCV  
  42  5:00  SCV  
  42  5:01  SCV  
  42  5:03  Marine x3  
  47  5:15  SCV  
  47  5:18  Marine  
  47  5:20  SCV, Marine x2, Orbital Command  
  51  5:21  Marine  
  51  5:25  Starport  
  51  5:26  Factory Reactor  
  52  5:32  SCV  
  52  5:33  SCV  
  53  5:36  Marine  
  53  5:38  Marine x2  
  53  5:39  Marine  
  54  5:44  SCV  
  53  5:54  SCV, Engineering Bay  
  53  5:56  SCV, Marine x2  
  58  5:57  Marine  
  58  5:58  Combat Shields  
  58  6:00  Barracks Reactor  
  58  6:01  SCV  
  59  6:06  SCV  
  59  6:07  Engineering Bay  
  59  6:08  SCV  
  61  6:12  Factory Tech Lab, Medivac x2  
  61  6:14  Supply Depot, SCV, Marine  
  67  6:19  Refinery  
  67  6:20  Refinery, Orbital Command  
  67  6:21  Supply Depot  
  67  6:23  SCV  
  67  6:25  Marine  
  69  6:31  Terran Infantry Weapons Level 1  
  69  6:34  Terran Infantry Armor Level 1  
  69  6:35  Marine  
  69  6:36  SCV x2, Siege Tank, Marine x2  
  69  6:39  Supply Depot  
  77  6:45  Marine  
  77  6:46  SCV  
  79  6:48  Marine  
  79  6:50  Medivac  
  79  6:51  SCV, Medivac  
  85  6:56  Supply Depot  
  85  6:57  Supply Depot  
  85  7:00  Marine x3  
  85  7:01  SCV x2  
  90  7:03  Marine  
  90  7:04  SCV  
  90  7:06  Marine  
  93  7:18  SCV x2, Marine  
  93  7:22  Marine x2  
  97  7:23  SCV  
  97  7:26  Marine  
  99  7:30  SCV x2, Barracks x2  
  99  7:32  Marine  
  99  7:35  SCV  
  99  7:36  Marine  
  100  7:39  Marine  
  100  7:40  Marine  
  100  7:42  SCV  
  100  7:43  Refinery, Siege Tank  
  100  7:44  Refinery, Marine  
  103  7:46  Medivac x2  
  103  7:50  Marine  
  109  7:54  Armory  
  109  7:59  Supply Depot, Marine x3  
  109  8:00  Supply Depot  
  112  8:06  Marine  
  112  8:08  Marine  
  112  8:09  Factory  
  114  8:16  Marine x3  
  117  8:21  Barracks Reactor  
  117  8:22  Barracks Reactor  
  117  8:27  Siege Tank  
  117  8:28  Marine x2  
  117  8:30  Barracks x3  
  122  8:34  Marine  
  122  8:40  Marine x2  
  122  8:41  Command Center  
  122  8:43  Terran Infantry Weapons Level 2  
  122  8:45  Terran Infantry Armor Level 2  
  122  8:48  Marine  
  122  8:52  Marine  
  122  8:53  Marine  
  124  9:00  Siege Tank  
  127  9:06  Ghost Academy  
  127  9:07  Marine  
  127  9:08  Marine  
  127  9:09  Marine x2  
  130  9:13  Supply Depot  
  130  9:14  Supply Depot x2  
  130  9:15  Marine x2  
  133  9:17  Marauder, Marine x2  
  133  9:20  Marine x2  
  139  9:25  Factory Tech Lab  
  139  9:26  Marine x2  
  141  9:35  Marine, Siege Tank, Medivac x2  
  148  9:43  Barracks Tech Lab x2  
  148  9:44  Barracks Tech Lab  
  147  9:46  Marine x2  
  147  9:48  Ghost  
  150  10:00  Terran Vehicle Weapons Level 1  
  150  10:02  Ghost Academy, Ghost x2  
  150  10:03  Ghost Academy  
  154  10:10  Marine x3  
  159  10:16  Marine  
  159  10:19  Ghost  
  162  10:22  Planetary Fortress  
  159  10:39  Marauder, Marine x3  
  163  10:47  Ghost  
  163  10:49  Ghost  
  162  10:50  Ghost, Marine x2  
  163  10:59  Marine x2  
  163  11:00  Ghost  
  163  11:02  Marine  
  163  11:03  Marine  
  162  11:09  Command Center  
  162  11:12  Marine  
  162  11:13  Marine  
  162  11:16  Marine x2  
  162  11:18  Ghost  
  163  11:25  Marine x2  
  138  11:29  Marine  
  138  11:30  Siege Tank x2, Marine x2  
  138  11:31  Marauder, Marine  
  138  11:32  Marine x2  
  138  11:39  Medivac x2  
  141  11:46  Ghost  
  141  11:50  Command Center  
  141  11:52  Refinery  
  141  11:53  Marine  
  141  11:54  Marauder, Marine x2  
  145  11:55  Refinery  
  148  12:02  Siege Tank x2, Sensor Tower  
  148  12:04  Marine x2  
  148  12:05  Ghost  
  148  12:08  Marine x2  
  158  12:13  Ghost  
  162  12:18  Terran Vehicle Weapons Level 2  
  162  12:21  Personal Cloaking  
  162  12:22  Nuke  
  157  12:24  Nuke  
  155  12:30  Ghost  
  155  12:31  Marine x2  
  155  12:33  Marine x4  
  155  12:34  Siege Tank, Marine  
  155  12:36  Marine x2  
  169  12:40  Marine  
  169  12:42  Marauder  
  172  12:47  SCV x3  
  172  12:49  Marine x2  
  172  12:50  Marine  
  178  12:54  Ghost  
  180  13:00  Missile Turret  
  180  13:11  Ghost x2  
  184  13:17  Ghost  
  184  13:18  Planetary Fortress  
  186  13:22  Planetary Fortress  
  186  13:27  Ghost  
  186  13:29  Marine  
  184  13:41  Marine  
  184  13:42  Marine  
  182  13:50  Ghost  
  182  13:51  Ghost, Marine x2  
  182  13:53  Marine x2  
  170  14:11  Ghost x2  
  170  14:16  Marine x2  
  170  14:17  Marine x3  
  143  14:19  Ghost x2  
  143  14:21  Medivac  
  143  14:22  Medivac  
  143  14:23  Marine  
  151  14:25  Marine x2  
  153  14:34  Marine x3  
  153  14:35  Marine x2  
Show
View Real Time Build Order
Export as new Build Order

AcerBly Zerg 

Build Orders: Hatch First 

Get SALT Encoding   

  12  0:00  Drone  
  13  0:12  Overlord  
  13  0:17  Drone  
  14  0:30  Drone x2  
  16  0:49  Hatchery  
  15  0:53  Drone  
  16  0:59  Extractor  
  15  1:09  Spawning Pool  
  15  1:10  Drone  
  15  1:14  Drone  
  15  1:18  Drone  
  17  1:23  Drone  
  18  1:32  Drone  
  19  1:44  Overlord  
  19  1:56  Queen  
  19  1:57  Zergling x2  
  22  2:02  Zergling x2  
  22  2:04  Roach Warren  
  22  2:08  Metabolic Boost  
  22  2:17  Queen  
  24  2:27  Drone  
  25  2:33  Drone  
  25  2:45  Roach x3  
  30  2:51  Roach  
  31  3:08  Drone x4  
  35  3:23  Overlord  
  35  3:24  Overlord  
  35  3:37  Overlord  
  35  3:42  Zergling x12  
  35  3:43  Zergling x2  
  41  3:50  Ravager  
  42  3:58  Queen  
  39  4:10  Drone x5  
  44  4:17  Drone x4  
  44  4:22  Ravager x2  
  50  4:24  Drone  
  50  4:31  Drone x2  
  53  4:38  Ravager  
  54  4:40  Overlord  
  53  4:54  Drone x6  
  59  5:05  Hatchery  
  59  5:06  Overlord  
  58  5:07  Extractor  
  58  5:11  Overlord  
  57  5:23  Drone x5  
  57  5:24  Drone x3  
  55  5:45  Drone x2  
  55  5:46  Drone x3  
  59  5:54  Roach x3  
  59  5:55  Lair  
  59  5:57  Extractor  
  59  5:58  Overlord  
  59  5:59  Extractor  
  57  6:05  Drone x3  
  57  6:10  Evolution Chamber  
  59  6:13  Evolution Chamber  
  59  6:14  Roach  
  60  6:19  Queen  
  60  6:25  Queen  
  64  6:28  Roach x4  
  64  6:29  Roach x2  
  76  6:35  Overlord  
  76  6:37  Zerg Missile Weapons Level 1  
  76  6:38  Drone x2  
  76  6:39  Drone x2  
  80  6:49  Zerg Ground Armor Level 1  
  80  6:52  Overlord  
  80  6:57  Glial Reconstitution  
  80  7:00  Roach x2  
  84  7:02  Overlord x4  
  86  7:08  Roach x2  
  86  7:09  Roach  
  86  7:10  Overlord  
  86  7:14  Queen  
  86  7:28  Ravager  
  86  7:29  Roach x3  
  95  7:30  Roach x2  
  95  7:35  Overlord  
  85  7:40  Drone x5  
  85  7:41  Drone x2  
  80  7:50  Roach x3  
  86  8:03  Roach x4  
  86  8:04  Roach  
  96  8:12  Ravager  
  97  8:13  Drone x3  
  97  8:14  Drone  
  101  8:26  Drone x2  
  101  8:27  Drone x2  
  105  8:29  Drone x3  
  105  8:30  Drone  
  105  8:31  Infestation Pit  
  108  8:34  Drone  
  108  8:36  Drone x2  
  108  8:37  Drone x2  
  108  8:38  Zerg Missile Weapons Level 2  
  113  8:42  Ravager  
  113  8:46  Overlord, Extractor x2  
  112  8:48  Overlord  
  111  9:04  Roach x9  
  111  9:07  Overlord  
  129  9:10  Overlord  
  129  9:18  Hive  
  129  9:19  Overlord  
  129  9:36  Zerg Ground Armor Level 2  
  129  9:37  Overlord  
  121  9:52  Roach x10  
  139  9:53  Hatchery, Roach  
  139  9:58  Infestor  
  138  10:03  Roach x2  
  138  10:04  Roach x2  
  146  10:15  Overseer  
  146  10:19  Infestor  
  148  10:26  Drone x6  
  148  10:28  Overlord  
  150  10:46  Roach  
  150  10:47  Roach x8  
  166  10:56  Ultralisk Cavern  
  157  11:10  Roach x9  
  126  11:26  Roach x7  
  136  11:34  Drone x9  
  145  11:42  Chitinous Plating  
  145  11:44  Zerg Melee Weapons Level 1  
  145  12:02  Ultralisk x2  
  145  12:03  Ultralisk  
  145  12:07  Ravager  
  145  12:08  Zergling x26  
  177  12:18  Drone x2  
  175  12:24  Drone x5  
  175  12:26  Extractor  
  175  12:27  Extractor  
  175  12:28  Infestor x2  
  180  12:34  Overseer  
  180  12:35  Overseer  
  180  12:41  Drone x2  
  180  12:42  Hatchery, Drone x3  
  180  12:43  Drone, Spore Crawler  
  184  12:44  Spore Crawler  
  183  12:57  Ultralisk x2  
  195  13:01  Ravager  
  196  13:07  Zergling x2  
  196  13:08  Zergling x6  
  200  13:17  Spore Crawler  
  199  13:20  Drone, Spire  
  199  13:21  Spore Crawler  
  184  13:54  Ultralisk x3  
  154  14:15  Ultralisk x2  
  154  14:16  Ultralisk x2  
  141  14:21  Zergling x10  
Tags
 
Add a new tag
Caveats
  • Supply blocks, unpowered buildings, or Contaminate may cause inaccurate times.
  • Supply counts are checked every 10 seconds.